 Dungeon Crawl Stone Soup version 0.23-a0-650-ga4d50d4 (webtiles) character file.

25 Amnesiac the Digger (level 2, -8/11 HPs)
             Began as a Felid Earth Elementalist on Jan 5, 2019.
             Mangled by a centaur (9 damage)
             ... on level 5 of the Dungeon.
             The game lasted 00:01:32 (376 turns).

Amnesiac the Digger (Felid Earth Elementalist)       Turns: 376, Time: 00:01:33

Health: -8/11      AC:  1    Str:  4    XL:     2   Next: 86%
Magic:  2/6        EV: 18    Int: 16    God:
Gold:   20         SH:  0    Dex: 16    Spells: 2/5 levels left
                                        Lives:  0   Deaths: 0

rFire    . . .     SeeInvis +   (weapon unavailable)
rCold    . . .     Gourm    .   (shield unavailable)
rNeg     . . .     Faith    .   (armour unavailable)
rPois    .         Spirit   .   (helmet unavailable)
rElec    .         Reflect  .   (cloak unavailable)
rCorr    .         Harm     .   (gloves unavailable)
MR       .....                  (boots unavailable)
Stlth    +++.......             (no amulet)
HPRegen  0.03/turn              (no ring)
MPRegen  0.10/turn              (no ring)

@: very slightly contaminated, quick
A: very small, no armour, no weapons or thrown items, stealth, claws 1, fangs 3,
see invisible, carnivore, speed 1, shaggy fur 1, slow metabolism 1, sharp paws
a: no special abilities


You were on level 5 of the Dungeon.
You were very full.

You visited 1 branch of the dungeon, and saw 5 of its levels.

You collected 20 gold pieces.

Inventory:

Missiles
 b - 9 stones
Scrolls
 a - a scroll of identify {!r}
 d - a scroll of enchant weapon {!r}
Comestibles
 c - a ration
 f - a chunk of flesh


   Skills:
 - Level 2.6 Dodging
 - Level 2.6 Stealth
 + Level 2.4 Spellcasting
 - Level 1.1 Transmutations
 * Level 3.4 Earth Magic


You had 2 spell levels left.
You knew the following spells:

 Your Spells              Type           Power        Failure   Level  Hunger
a - Sandblast             Erth           ##....       4%          1    #......
b - Passwall              Tmut/Erth      #.......     12%         2    ###....

Your spell library contained the following spells:

 Spells                   Type           Power        Failure   Level  Hunger
 Stone Arrow              Conj/Erth      #.....       28%         3    ###....
 Petrify                  Tmut/Erth      #.......     61%         4    #####..
 Lee's Rapid Deconstruct  Erth           ##........   80%         5    ######.


Dungeon Overview and Level Annotations

Branches:
Dungeon (5/15)
 Temple: D:4-7

Altars:

Annotations:
D:2 Terence


Innate Abilities, Weirdness & Mutations

You cannot wear armour.
You are incapable of wielding weapons or throwing items.
Your paws allow you to move quietly. (Stealth)
You have sharp claws.
You have razor-sharp teeth.
You have supernaturally acute eyesight. (SInv)
You are carnivorous and can eat meat at any time.
You cover ground quickly.
You are covered in fur. (AC +1)
You have a slow metabolism.
Your sharp claws are effective at attacking unaware monsters.


Message History

Aim: an adder The blast of sand hits the adder.
You kill the adder!
b - 12 stones
Casting: Sandblast (safe; 4% risk of failure)
Confirm with . or Enter, or press ? or * to list all spells.
You can't see any susceptible monsters within range! (Use Z to cast anyway.)
A centaur comes into view.
The centaur moves out of view.
The centaur shouts!
The centaur wields a +0 shortbow.
The centaur shoots an arrow.
The arrow hits you.
You see here an arrow.
Really read
d - a scroll labeled ETTALOLADEE {!r}?
Okay, then.
You aren't carrying any potions.
Really read
a - 2 scrolls labeled JUOXUAPSUXT {!r}?
As you read the scroll labeled JUOXUAPSUXT {!r}, it crumbles to dust.
It is a scroll of identify.
d - a scroll of enchant weapon {!r} The centaur shoots an arrow.
The arrow closely misses you.
Casting: Sandblast (safe; 4% risk of failure)
Confirm with . or Enter, or press ? or * to list all spells.
Aiming: Sandblast (safe; 4% risk of failure)
Press: ? - help, Shift-Dir - straight line, f - centaur
Aim: a centaur, wielding a +0 shortbow The blast of sand hits the centaur.
b - 11 stones The centaur unwields a +0 shortbow.
The centaur closely misses you.
Unknown command.
Casting: Sandblast (safe; 4% risk of failure)
Confirm with . or Enter, or press ? or * to list all spells.
Aiming: Sandblast (safe; 4% risk of failure)
Press: ? - help, Shift-Dir - straight line, f/p - centaur
Aim: a centaur The blast of sand hits the centaur.
The centaur is moderately wounded.
b - 10 stones The centaur hits you!
Ouch! That really hurt!
* * * LOW HITPOINT WARNING * * *
The centaur misses you.
Unknown command.
Casting: Sandblast (safe; 4% risk of failure)
Confirm with . or Enter, or press ? or * to list all spells.
Aiming: Sandblast (safe; 4% risk of failure)
Press: ? - help, Shift-Dir - straight line, f/p - centaur
Aim: a centaur (moderately wounded)
You miscast Sandblast.
You are very lightly contaminated with residual magic.
Nothing appears to happen.
The centaur barely misses you.
Unknown command.
Casting: Sandblast (safe; 4% risk of failure)
Confirm with . or Enter, or press ? or * to list all spells.
Aiming: Sandblast (safe; 4% risk of failure)
Press: ? - help, Shift-Dir - straight line, f/p - centaur
Aim: a centaur (moderately wounded)
The blast of sand hits the centaur.
The centaur is moderately wounded.
b - 9 stones The centaur hits you but does no damage.
The centaur hits you!
Ouch! That really hurt!
You die...

...# #.#.###.#...)....
..รท###.#.###.#.#######
# #..<.#.#.#...#.#.....
.# ##.#.#.#.#.###.#>..#
#.#
##.#.#.#..........c#...
#....#.........###.#.#
#....................
...........#.#####.###.#
#+###+##.......(@c.....#
.....#..####.#######
.....#...).#.# .
...#...#.#.#
#.....#.#########
#...).#.#.......#
#.#.#.#.......#.#
#...#.....###.#.#
########### #.#.#


You could see a centaur.

Vanquished Creatures
  An adder (D:5)
  A leopard gecko (D:5)
  2 orcs
  A giant cockroach (D:2)
  A goblin (D:2)
  4 jackals (D:5)
  A kobold (D:2)
  A ball python (D:2)
12 creatures vanquished.

Notes
Turn   | Place    | Note
-------+----------+-------------------------------------------
     0 | D:1      | Amnesiac the Felid Earth Elementalist began the quest for
                  | the Orb.
     0 | D:1      | Reached XP level 1. HP: 7/7 MP: 4/4
    61 | D:2      | Noticed Terence
    76 | D:3      | Reached skill level 3 in Earth Magic
   123 | D:4      | Reached XP level 2. HP: 11/11 MP: 4/6
   131 | D:4      | Learned a level 2 spell: Passwall
   147 | D:4      | Noticed a phantom
   163 | D:5      | Entered Level 5 of the Dungeon
   366 | D:5      | Noticed a centaur
   376 | D:5      | Mangled by a centaur

Vault maps used:
D:1:      shiori_arrival_maze
D:2:      nicolae_ru_the_path_less_chosen, minmay_pentomino_z4, uniq_terence
D:3:      grunt_ministairs_7
D:4:      first_ration
D:5:      minmay_temple_entry_junction, serial_shops, shop, shop, shop,
          nicolae_shop_statue_plus

Skill      XL: |  1 |
---------------+----+-----
Earth Magic    | 3 |  3.4
Dodging        | |  2.6
Stealth        | |  2.6
Spellcasting   | |  2.4
Transmutations | |  1.1

Action                   || total
-------------------------++-------
Melee: Unarmed           ||    16
       Bite              ||     2
 Cast: Sandblast         ||    22
  Use: Scroll            ||     1
 Stab: Sleeping          ||     2
  Eat: Chunk             ||     6
Armor: Skin              ||     4
Dodge: Dodged            ||    23

Table legend:
 A = Non-vault XP
 B = Vault XP
 C = Vault XP percentage of total XP
 D = Non-vault monster count
 E = Vault monster count
 F = Vault count percentage of total count
                 A         B        C        D         E       F
            +---------+---------+-------+---------+---------+-------
      Total |      34 |       3 |   8.1 |      11 |       1 |   8.3
            +---------+---------+-------+---------+---------+-------
        D:2 |       7 |       0 |   0.0 |       4 |       0 |   0.0
        D:3 |       0 |       3 | 100.0 |       0 |       1 | 100.0
        D:4 |       3 |       0 |   0.0 |       1 |       0 |   0.0
        D:5 |      24 |       0 |   0.0 |       6 |       0 |   0.0
            +---------+---------+-------+---------+---------+-------
